 Dungeon Crawl Stone Soup version 0.26-a0-958-gf3041fb45f (webtiles) character file.

Game seed: 13813085922419814277

1 schets the Protected (level 1, 17/17 HPs)
             Began as a Gnoll Wanderer on Nov 30, 2020.
             Quit the game on level 1 of the Dungeon.
             The game lasted 00:00:37 (43 turns).

schets the Protected (Gnoll Wanderer)                 Turns: 43, Time: 00:00:38

Health: 17/17      AC:  8    Str: 17    XL:     1   Next: 20%
Magic:  1/1        EV: 10    Int: 13    God:
Gold:   0          SH:  0    Dex: 12    Spells: 0/0 levels left

rFire    . . .     SeeInvis .   a - +2 hand crossbow
rCold    . . .     Faith    .   (no shield)
rNeg     . . .     Spirit   .   c - +0 ring mail
rPois    .         Reflect  .   (no helmet)
rElec    .         Harm     .   (no cloak)
rCorr    .         Rampage  .   (no gloves)
MR       .....                  e - +0 pair of boots
Stlth    +.........             (no amulet)
HPRegen  0.05/turn              (no ring)
MPRegen  0.07/turn              (no ring)

@: no status effects
A: distributed training, fangs 1, strong nose
a: no special abilities


You were on level 1 of the Dungeon.
You visited 1 branch of the dungeon, and saw 1 of its levels.

Inventory:

Hand Weapons
 a - a +2 hand crossbow (weapon)
Missiles
 b - 25 bolts (quivered)
Armour
 c - a +0 ring mail (worn)
 e - a +0 pair of boots (worn)
Potions
 d - a potion of curing


   Skills:
 + Level 2.3 Fighting
 + Level 0.0 Short Blades
 + Level 0.0 Long Blades
 + Level 0.0 Axes
 + Level 0.0 Maces & Flails
 + Level 0.0 Polearms
 + Level 0.0 Staves
 + Level 0.0 Slings
 + Level 0.0 Bows
 + Level 4.4 Crossbows
 + Level 0.0 Throwing
 + Level 10.3 Armour
 + Level 0.0 Dodging
 + Level 0.0 Stealth
 + Level 0.0 Shields
 + Level 0.0 Unarmed Combat
 + Level 0.0 Spellcasting
 + Level 0.0 Conjurations
 + Level 0.0 Hexes
 + Level 0.0 Summonings
 + Level 0.0 Necromancy
 + Level 0.0 Translocations
 + Level 0.0 Transmutations
 + Level 0.0 Fire Magic
 + Level 0.0 Ice Magic
 + Level 0.0 Air Magic
 + Level 0.0 Earth Magic
 + Level 0.0 Poison Magic
 + Level 0.0 Invocations
 + Level 4.4 Evocations


You couldn't memorise any spells.
You didn't know any spells.
Your spell library was empty.

Dungeon Overview and Level Annotations

Branches:
Dungeon (1/15)

Altars:


Innate Abilities, Weirdness & Mutations

Your experience applies equally to all skills.
You have very sharp teeth.
Your uncanny sense of smell can sniff out nearby items.


Message History

b - 25 bolts (gained 1)
A rat comes into view.
Found a robe.
Fire: 25 bolts
Press: ? - help, Q - select action Shift-Dir - straight line, f - rat
Aim: a rat You shoot a bolt.
The bolt hits the rat!
You kill the rat!
Found a club.
You see here a pair of boots.
b - 25 bolts (gained 1)
You see here a pair of boots.
e - a pair of boots You start putting on your armour.
You continue putting on your pair of boots. x4
You finish putting on your +0 pair of boots.
Unknown command.
Unknown command.
Okay, then.
Are you sure you want to abandon this character and quit the game? (Confirm with "yes".)

..# #.# #.# #.# ##.#
#..# #..#
#..+########+)###.
#.........@.......
#######.######..[.......
....[...# ###...####.
..####### ##### #.# #.#
#.# '.# ###


There were no monsters in sight!

Vanquished Creatures
  A frilled lizard (D:1)
  A rat (D:1)
2 creatures vanquished.

Notes
Turn   | Place    | Note
-------+----------+-------------------------------------------
     0 | D:1      | Reached skill level 10 in Armour
     0 | D:1      | schets the Gnoll Wanderer began the quest for the Orb.
     0 | D:1      | schets set off with the following items: a +2 hand
                  | crossbow, 25 bolts, a +0 ring mail, a potion of curing
     0 | D:1      | Reached XP level 1. HP: 17/17 MP: 1/1
    43 | D:1      | Quit the game

Illustrated notes

Levels and vault maps discovered:
D:1:      saegor_arrival_simple_b, layout_loops_ring, roderic_serpentine_path,
          minivault_11, cheibriados_altar_1

Skill      XL: | |
---------------+-+-----
Armour         | | 10.3
Fighting       | |  2.3
Crossbows      | |  4.4
Evocations     | |  4.4

Action                   || total
-------------------------++-------
 Fire: Hand crossbow     ||     3
Dodge: Dodged            ||     2

Table legend: (Time is in decaauts)
 A = Elapsed time spent in this place.
 B = Non-inter-level travel time spent in this place.
 C = Inter-level travel time spent in this place.
 D = Time resting spent in this place.
 E = Time spent auto-exploring this place.
 F = Levels seen in this place.
 G = Mean time per level.
                   A        B        C        D        E       F      G
               +--------+--------+--------+--------+--------+-----+--------+
         Total |     43 |     43 |      0 |      0 |      0 |   1 |   43.0 |
       Dungeon |     43 |     43 |      0 |      0 |      0 |   1 |   43.0 |
               +--------+--------+--------+--------+--------+-----+--------+

Top non-repeatable levels by time:
     D:1: 43 daAuts
